 Dungeon Crawl Stone Soup version 0.25-a0-292-gaa31f046c4 (webtiles) character file.

Game seed: 9160816895530594307, levelgen mode: deterministic

16307 Lanoc the Archer (level 12, -7/76 HPs)
             Began as a Deep Elf Hunter on Dec 15, 2019.
             Was the Champion of Qazlal.
             Mangled by a two-headed ogre
             ... wielding a +0 giant club
              (17 damage)
             ... on level 13 of the Dungeon on Dec 16, 2019.
             The game lasted 00:35:26 (12438 turns).

Lanoc the Archer (Deep Elf Hunter)                 Turns: 12438, Time: 00:35:27

Health: -7/76      AC: 21    Str:  9    XL:     12   Next: 8%
Magic:  10/14      EV: 18    Int: 18    God:    Qazlal [******]
Gold:   525        SH:  8    Dex: 19    Spells: 9/11 levels left

rFire    . . .     SeeInvis +   a - +1 shortbow (velocity)
rCold    + + .     Gourm    .   (shield currently unavailable)
rNeg     . . .     Faith    +   j - +4 ring mail
rPois    .         Spirit   .   n - +2 helmet
rElec    .         Reflect  .   r - +2 cloak
rCorr    .         Harm     .   q - +5 pair of gloves of the Sunfish {rC+}
MR       +....                  (no boots)
Stlth    +.........             t - amulet of faith
HPRegen  0.22/turn              h - ring of see invisible
MPRegen  0.14/turn              C - ring of protection from cold

@: repel missiles
A: no striking features
a: Upheaval, Elemental Force, Disaster Area, Renounce Religion


You were on level 13 of the Dungeon.
You worshipped Qazlal.
Qazlal was exalted by your worship.
You were not hungry.

You visited 2 branches of the dungeon, and saw 14 of its levels.
You also visited: Bailey.

You collected 778 gold pieces.
You spent 253 gold pieces at shops.

Inventory:

Hand Weapons
 a - a +1 shortbow of velocity (weapon)
 b - a +4 whip of venom
 A - a +2 shortbow of freezing
Missiles
 c - 4 curare-tipped darts
 d - 138 arrows (quivered)
Armour
 j - a +4 ring mail (worn)
 n - a +2 helmet (worn)
 q - the +5 pair of gloves of the Sunfish (worn) {rC+}
   (You found it in a bailey)

   It protects you from cold.
 r - a +2 cloak (worn)
 H - the +1 ring mail of Protective Custody {rF+ rN+}
   (You found it on level 7 of the Dungeon)

   It protects you from fire.
   It protects you from negative energy.
Jewellery
 h - a ring of see invisible (left hand)
 t - an amulet of faith (around neck)
 u - an uncursed amulet of regeneration {unknown}
 w - an uncursed ring of flight
 C - a ring of protection from cold (right hand)
 E - an uncursed amulet of guardian spirit {unknown}
 K - an uncursed ring of protection from cold
Wands
 o - a wand of clouds (14)
 x - a wand of digging (8)
 y - a wand of polymorph (12)
 B - a wand of flame (15)
Scrolls
 e - 6 scrolls of remove curse
 m - 5 scrolls of enchant weapon
 I - a scroll of fog
Potions
 i - a potion of mutation
 l - 4 potions of resistance
 p - 8 potions of curing
 v - a potion of flight
 D - 3 potions of brilliance {unknown}
 F - a potion of ambrosia
 G - a potion of berserk rage
 J - a potion of lignification {unknown}
Miscellaneous
 L - a lamp of fire
 M - a phantom mirror
Comestibles
 f - 27 rations


   Skills:
 + Level 9.0 Fighting
 - Level 14.0 Bows
 + Level 12.3 Dodging
 - Level 1.2 Stealth
 + Level 4.6 Translocations


You had 9 spell levels left.
You knew the following spells:

 Your Spells              Type           Power        Failure   Level  Hunger
a - Apportation           Tloc           ###...       10%         1    ##.....
b - Summon Butterflies    Summ           #.......     52%         1    ##.....

Your spell library contained the following spells:

 Spells                   Type           Power        Failure   Level  Hunger
 Lesser Beckoning         Tloc           ###.......   28%         3    ####...
 Magic Dart               Conj           #...         52%         1    ##.....
 Searing Ray              Conj           #.....       67%         2    ###....
 Dazzling Flash           Conj/Hex       #.....       88%         3    ####...
 Tukima's Dance           Hex            #.......     88%         3    ####...
 Iskenderun's Mystic Bla  Conj/Tloc      #.......     94%         4    #####..
 Fulminant Prism          Conj/Hex       #.........   99%         4    #####..
 Alistair's Intoxication  Tmut/Pois      #.......     100%        5    ######.
 Invisibility             Hex            #.......     100%        6    #######


Dungeon Overview and Level Annotations

Branches:
Dungeon (13/15)            Temple (1/1) D:6            Lair (0/6) D:9
    Orc (0/2) D:10         Bailey (visited)
 Vaults: D:13-14

Altars:
Dithmenos
Elyvilon
Fedhas
Hepliaklqana
Kikubaaqudgha
Makhleb
Nemelex Xobeh
Okawaru
Qazlal
Sif Muna
Trog
Uskayaw
Wu Jian
Zin
The Shining One

Shops:
D:8 !

Annotations:
D:2 Sigmund
D:13 Erolcha


Message History

The killer bee closely misses you.
The two-headed ogre is engulfed in freezing vapours.
You see here an arrow.
Okay, then.
Aiming: Upheaval
Press: ? - help, Dir - move target cursor You fail to use your ability.
The killer bee closely misses you.
The two-headed ogre is engulfed in freezing vapours.
The two-headed ogre barely misses you. You block the two-headed ogre's attack.
Aiming: Upheaval
Press: ? - help, Dir - move target cursor A storm cloud blasts the area with cutting wind!
The centaur warrior unwields a +0 shortbow.
You block the centaur warrior's attack.
The acid dragon is engulfed in freezing vapours.
The orc wizard casts a spell.
The orc wizard blinks!
The bullfrog hits you but does no damage.
The two-headed ogre hits you with a +0 giant club!
You die...

######## #####
#...@Fh#..(...
#.○DOc§#.....?
#.§s°°y'......
#..T...#......
.. #.?.oo.#
#####
...#..o...#
..#..o...#
.........#
..#......#


You could see a centaur warrior, a two-headed ogre, a troll, an orc warrior, an
acid dragon, a bullfrog, a scorpion, a hound, a killer bee, an orc priest, an
orc wizard and an orc.

Vanquished Creatures
  Fannar (D:10)
  2 hydras
  2 centaur warriors
  A two-headed ogre (D:11)
  An ogre mage (D:10)
  Pikel (D:6)
  A manticore (D:11)
  2 freezing wraiths
  A tengu conjurer (D:10)
  A wind drake (D:12)
  A troll (D:10)
  3 hippogriffs
  A wyvern (D:8)
  3 wraiths
  2 vampire mosquitoes (D:12)
  2 hungry ghosts
  A soldier ant (D:11)
  An acid dragon (D:12)
  A water moccasin (D:7)
  12 orc warriors
  3 porcupines (D:9)
  A sky beast (D:9)
  A black bear (D:9)
  4 phantoms
  3 ice beasts
  2 necrophages
  A slave (D:6)
  7 ogres
  An eye of draining (D:12)
  20 centaurs
  2 big kobolds
  5 bullfrogs
  3 scorpions
  2 troll zombies (D:10)
  2 wyvern skeletons (D:10)
  3 wights (D:9)
  6 howler monkeys
  5 crimson imps
  A bullfrog zombie (D:8)
  A centaur zombie (D:9)
  2 orc priests
  4 hounds
  7 orc wizards
  A gnoll shaman (D:6)
  3 jellies
  3 bullfrog skeletons
  2 centaur skeletons
  Jessica (D:2)
  Terence (D:3)
  3 iguanas
  9 worker ants
  6 ogre zombies (D:10)
  3 hound skeletons
  2 worker ant zombies
  Robin (D:2)
  13 gnolls
  13 adders
  A shadow imp (D:10)
  2 oozes
  2 adder skeletons
  2 worms (D:3)
  2 dart slugs (D:1)
  4 leopard geckos
  53 orcs
  7 giant cockroaches
  15 goblins
  5 hobgoblins
  6 jackals
  3 quokkas
  A ball python (D:2)
  8 bats
  9 frilled lizards
  A goblin skeleton (D:10)
  2 goblin zombies (D:10)
  3 hobgoblin skeletons (D:10)
  3 hobgoblin zombies (D:10)
  24 kobolds
  2 orc skeletons (D:10)
  14 orc zombies (D:10)
  16 rats
  2 plants (D:7)
374 creatures vanquished.

Vanquished Creatures (others)
  5 toadstools (D:10)
5 creatures vanquished.

Grand Total: 379 creatures vanquished

Notes
Turn   | Place    | Note
-------+----------+-------------------------------------------
     0 | D:1      | Lanoc the Deep Elf Hunter began the quest for the Orb.
     0 | D:1      | Reached XP level 1. HP: 12/12 MP: 3/3
   292 | D:1      | Found a stormy altar of Qazlal.
   293 | D:1      | Reached XP level 2. HP: 17/17 MP: 4/4
   301 | D:1      | Became a worshipper of Qazlal Stormbringer
   612 | D:1      | Reached XP level 3. HP: 21/21 MP: 5/5
   735 | D:1      | Reached * piety under Qazlal
  1006 | D:2      | Noticed Robin
  1055 | D:2      | HP: 1/21 [poisoned by Robin]
  1108 | D:2      | Killed Robin
  1108 | D:2      | Reached skill level 5 in Bows
  1212 | D:2      | Noticed Sigmund
  1398 | D:2      | Found a stormy altar of Qazlal.
  1442 | D:2      | Noticed Jessica
  1447 | D:2      | Killed Jessica
  1447 | D:2      | Reached XP level 4. HP: 27/27 MP: 6/6
  2151 | D:3      | Noticed Terence
  2191 | D:3      | Killed Terence
  2191 | D:3      | Reached XP level 5. HP: 16/31 MP: 7/7
  2357 | D:3      | Reached ** piety under Qazlal
  2399 | D:3      | Found a glowing golden altar of the Shining One.
  2420 | D:3      | Noticed a necrophage
  2783 | D:3      | Found an ancient bone altar of Kikubaaqudgha.
  2991 | D:3      | Killed a necrophage
  2991 | D:3      | Reached XP level 6. HP: 26/34 MP: 8/8
  3189 | D:4      | Reached skill level 6 in Bows
  3189 | D:4      | Reached skill level 5 in Dodging
  3458 | D:4      | Reached XP level 7. HP: 38/39 MP: 9/9
  3722 | D:4      | Found a hazy altar of Hepliaklqana.
  3764 | D:5      | Entered Level 5 of the Dungeon
  4065 | D:5      | Reached skill level 7 in Bows
  4178 | D:5      | Found an ornate altar of the Wu Jian Council.
  4435 | D:5      | Found a sparkling altar of Nemelex Xobeh.
  4442 | D:5      | Reached *** piety under Qazlal
  4589 | D:6      | Noticed Pikel
  4609 | D:6      | Killed Pikel
  4609 | D:6      | Reached skill level 5 in Fighting
  4609 | D:6      | Reached skill level 8 in Bows
  4609 | D:6      | Reached XP level 8. HP: 33/46 MP: 10/10
  4630 | D:6      | Found a staircase to the Ecumenical Temple.
  4639 | Temple   | Entered the Ecumenical Temple
  4730 | D:6      | Found an iron altar of Okawaru.
  5231 | D:6      | Found a hide-covered altar of Uskayaw.
  5372 | D:6      | Found a bloodstained altar of Trog.
  5811 | D:7      | Found a burning altar of Makhleb.
  5894 | D:7      | Reached XP level 9. HP: 43/52 MP: 11/11
  6045 | D:7      | Got a polished ring mail
  6056 | D:7      | Identified the cursed +1 ring mail of Protective Custody
                  | {rF+ rN+} (You found it on level 7 of the Dungeon)
  6230 | D:7      | Found a glowing silver altar of Zin.
  6231 | D:7      | Noticed an angel
  6324 | D:7      | Reached **** piety under Qazlal
  6536 | D:7      | Reached skill level 9 in Bows
  7086 | D:8      | Found Tietaar's Distillery.
  7100 | D:8      | Bought a potion of haste for 110 gold pieces
  7100 | D:8      | Bought a potion of heal wounds for 55 gold pieces
  7100 | D:8      | Bought a potion of mutation for 88 gold pieces
  7213 | D:8      | Found a faded altar of an unknown god.
  7213 | D:8      | Found a white marble altar of Elyvilon.
  7225 | D:8      | Found a shimmering blue altar of Sif Muna.
  7227 | D:8      | Found a blossoming altar of Fedhas.
  7229 | D:8      | Found a shadowy altar of Dithmenos.
  7343 | D:8      | Reached ***** piety under Qazlal
  7343 | D:8      | Reached skill level 10 in Bows
  7659 | D:9      | Found a bloodstained altar of Trog.
  7685 | D:9      | Found a flagged portal.
  7730 | Bailey   | Entered a bailey
  8050 | Bailey   | Reached XP level 10. HP: 36/58 MP: 12/12
  8377 | Bailey   | Reached skill level 10 in Dodging
  8580 | Bailey   | Reached skill level 11 in Bows
  8814 | Bailey   | Got a pair of spiked gloves
  8820 | Bailey   | Identified the +5 pair of gloves of the Sunfish {rC+} (You
                  | found it in a bailey)
  9319 | D:9      | Got a distressingly furry plate armour
  9330 | D:9      | Identified the cursed +0 plate armour "Lotoq" {MR+ Regen+
                  | Int+4 Stlth+} (You found it on level 9 of the Dungeon)
  9539 | D:9      | Reached skill level 12 in Bows
  9680 | D:9      | Found a staircase to the Lair.
  9854 | D:10     | Entered Level 10 of the Dungeon
  9869 | D:10     | Noticed a centaur warrior
  9878 | D:10     | Noticed a centaur warrior
  9893 | D:9      | Killed a centaur warrior
 10047 | D:10     | Killed a centaur warrior
 10047 | D:10     | Reached XP level 11. HP: 48/65 MP: 13/13
 10104 | D:10     | Reached ****** piety under Qazlal
 10395 | D:10     | Found a staircase to the Orcish Mines.
 10485 | D:10     | Learned a level 1 spell: Apportation
 10487 | D:10     | Learned a level 1 spell: Summon Butterflies
 10710 | D:10     | Found a runed translucent door.
 10711 | D:10     | Noticed an ogre mage
 10713 | D:10     | Found a runed translucent door.
 10723 | D:10     | Killed an ogre mage
 10723 | D:10     | Reached skill level 13 in Bows
 10723 | D:10     | Reached skill level 1 in Translocations
 11283 | D:11     | Found a shadowy altar of Dithmenos.
 11286 | D:11     | Noticed a skeletal warrior
 11289 | D:11     | Noticed a death knight
 11507 | D:11     | Noticed Fannar
 11517 | D:11     | Noticed a two-headed ogre
 11553 | D:10     | Killed Fannar
 11889 | D:11     | Killed a two-headed ogre
 12050 | D:12     | Noticed a two-headed ogre
 12065 | D:12     | Found a white marble altar of Elyvilon.
 12116 | D:12     | Noticed a five-headed hydra
 12132 | D:12     | Killed a five-headed hydra
 12132 | D:12     | Reached skill level 14 in Bows
 12241 | D:12     | Noticed Nessos
 12245 | D:12     | Noticed Nessos
 12245 | D:12     | Nessos changed into Nessos the wind drake
 12277 | D:12     | Killed Nessos the wind drake
 12277 | D:12     | Reached XP level 12. HP: 25/72 MP: 14/14
 12313 | D:12     | Noticed a two-headed ogre
 12349 | D:12     | HP: 1/72 [electric eel/bolt of electricity (12)]
 12356 | D:13     | Noticed Erolcha
 12360 | D:13     | Noticed an eight-headed hydra
 12390 | D:13     | Killed an eight-headed hydra
 12394 | D:13     | Noticed a centaur warrior
 12427 | D:13     | Noticed a two-headed ogre
 12438 | D:13     | Mangled by a two-headed ogre

Levels and vault maps discovered:
D:1:      minmay_arrival_five_plusses, layout_basic, kennysheep_flooded_box,
          minmay_misc_feat_pillars, minmay_rat_gold_closets
D:2:      layout_loops_corners, nicolae_qazlal_eye_of_the_storm, uniq_sigmund,
          uniq_jessica, uniq_robin
D:3:      layout_loops_ring, kiku_gazebo_pond_becter, lemuel_crystal_altar,
          uniq_terence
D:4:      layout_basic, kennysheep_mini, kennysheep_generic_room_10
D:5:      minmay_general_purpose_star, layout_basic, kennysheep_little_box,
          serial_curves, eino_curves_03, eino_curves_04, first_ration,
          nemelex_dance_club_becter
D:6:      layout_gridville, lemuel_coloured_pillars_altar,
          minmay_temple_entry_stoned_glass, basic_altar, trog_book, uniq_pikel
D:7:      kennysheep_kobold_camp, layout_basic, marbit_many_paths, zin_angel,
          kennysheep_generic_room_4
D:8:      layout_basic, chequers_temple_overflow_minitemple, serial_shops, shop
D:9:      layout_long_grid, grunt_lair_entry_orc_guard_hut, enter_bailey_7,
          basic_altar, blue_anna_alchemist [blue_anna_fruit_fields,
          blue_anna_fruit_fields]
D:10:     minmay_the_grid_triangle_9x9_recursive_2_mashed
          [minmay_the_grid_triangle_9x9_prize_top_heavy,
          minmay_the_grid_triangle_9x9_zippers_vertical,
          minmay_the_grid_triangle_9x9_tough_junction,
          minmay_the_grid_triangle_9x9_minimal], layout_basic,
          zombieorc2_lemuel, minmay_gold_behind_fungi
D:11:     layout_cave_pools, grunt_decor_cap, grunt_dithmenos_smoke, uniq_fannar
D:12:     layout_rooms, basic_altar, st_stairs_9, minmay_misc_feat_doors,
          minivault_4, kennysheep_decorative_pillar, serial_park_tiny_2,
          roderic_roman_lattice, minmay_fire_ice_demons, uniq_nessos
D:13:     layout_grid_maze, minivault_14, uniq_azrael, uniq_erolcha
Temple:   minmay_temple_curvy_loop

Skill      XL: |  1  2  3  4  5  6  7  8  9 10 11 12 |
---------------+-------------------------------------+-----
Dodging        | 3 4 5 7 8 9 11 12 | 12.3
Fighting       | 2 3 5 6 7 8 9 |  9.0
Bows           | 5 6 8 10 12 14 | 14.0
Translocations | 4 |  4.6
Stealth        | |  1.2

Action                   |  1- 3 |  4- 6 |  7- 9 | 10-12 || total
-------------------------+-------+-------+-------+-------++-------
Melee: Short sword       |    37 |       |       |       ||    37
       Whip              |    19 |    90 |   224 |    15 ||   348
 Fire: Shortbow          |    86 |    37 |   402 |   852 ||  1377
Invok: Upheaval          |       |       |       |     1 ||     1
Evoke: Wand              |       |       |       |     3 ||     3
  Use: Potion            |     3 |     1 |       |     3 ||     7
       Scroll            |     1 |     1 |    13 |     5 ||    20
 Stab: Sleeping          |     2 |       |       |       ||     2
  Eat: Chunk             |     1 |     7 |    14 |     9 ||    31
       Ration            |       |       |       |     1 ||     1
Armor: Leather armour    |    27 |    24 |    45 |       ||    96
       Ring mail         |       |       |    33 |    86 ||   119
Dodge: Dodged            |    75 |    66 |   268 |   215 ||   624
       Deflected         |       |       |     6 |    27 ||    33
Block: Other             |     3 |     4 |    66 |   140 ||   213

Table legend:
 A = Non-vault XP
 B = Vault XP
 C = Vault XP percentage of total XP
 D = Non-vault monster count
 E = Vault monster count
 F = Vault count percentage of total count
                 A         B        C        D         E       F
            +---------+---------+-------+---------+---------+-------
      Total |   12787 |   10509 |  45.1 |     223 |     148 |  39.9
            +---------+---------+-------+---------+---------+-------
        D:1 |      38 |      10 |  20.8 |      21 |      10 |  32.3
        D:2 |      19 |      68 |  78.2 |      13 |      10 |  43.5
        D:3 |     271 |      36 |  11.7 |      18 |       1 |   5.3
        D:4 |     488 |       0 |   0.0 |      22 |       0 |   0.0
        D:5 |     151 |     204 |  57.5 |       6 |       5 |  45.5
        D:6 |     344 |     673 |  66.2 |      17 |       1 |   5.6
        D:7 |     687 |     423 |  38.1 |      14 |      23 |  62.2
        D:8 |    1324 |       0 |   0.0 |      27 |       0 |   0.0
        D:9 |    1385 |    1754 |  55.9 |      21 |      11 |  34.4
       D:10 |     619 |    4679 |  88.3 |      12 |      45 |  78.9
       D:11 |    3364 |       0 |   0.0 |      26 |       0 |   0.0
       D:12 |    3129 |     334 |   9.6 |      23 |       3 |  11.5
       D:13 |     954 |       0 |   0.0 |       2 |       0 |   0.0
     Temple |      14 |       0 |   0.0 |       1 |       0 |   0.0
     Bailey |       0 |    2328 | 100.0 |       0 |      39 | 100.0
            +---------+---------+-------+---------+---------+-------
